Map: 2000 Atmospheres LE

Players

ViBE - Winner!

  • Race: Zerg Zerg
  • League: Diamond

JAV

  • Race: Terran Terran
  • League: Diamond

VOD

Have the link to the VOD?

Description

Time

  • Played on: April 11, 2021, 12:47 a.m.
  • Length: 12:25
Show
View Real Time Build Order
Export as new Build Order

ViBE Zerg - Winner!

Build Orders: Hatch First 

Get SALT Encoding   

  12  0:00  Drone  
  13  0:12  Overlord  
  13  0:19  Drone  
  14  0:32  Drone x2  
  16  0:41  Drone  
  17  0:54  Hatchery  
  16  0:59  Drone  
  16  1:00  Drone  
  18  1:13  Spawning Pool  
  18  1:14  Extractor  
  18  1:17  Drone  
  17  1:20  Drone  
  18  1:28  Drone  
  19  1:39  Overlord  
  19  1:54  Drone  
  20  2:01  Zergling x2  
  20  2:02  Queen  
  20  2:06  Zergling x2  
  24  2:09  Queen  
  25  2:17  Zergling x4  
  25  2:41  Drone x3  
  28  2:48  Metabolic Boost  
  28  2:58  Drone x3  
  28  3:08  Overlord  
  28  3:13  Drone x3  
  31  3:21  Drone  
  31  3:22  Drone x2  
  34  3:29  Overlord  
  33  3:36  Zergling x8  
  33  3:37  Zergling x2  
  39  3:41  Zergling x2  
  39  3:51  Drone x2  
  39  3:52  Drone x4  
  39  3:53  Drone  
  46  4:08  Hatchery  
  46  4:09  Queen  
  47  4:19  Overlord  
  47  4:25  Lair  
  47  4:26  Overlord  
  47  4:27  Overlord  
  46  4:49  Drone  
  46  4:50  Drone x7  
  53  4:55  Baneling Nest  
  53  4:56  Queen  
  53  4:59  Drone x6  
  58  5:02  Extractor x2  
  58  5:03  Extractor  
  53  5:10  Zergling x4  
  55  5:23  Zergling x2  
  55  5:24  Zergling x4  
  55  5:27  Drone x2  
  60  5:29  Hydralisk Den  
  60  5:34  Evolution Chamber  
  60  5:35  Evolution Chamber  
  57  5:39  Zergling x6  
  60  5:46  Drone  
  60  5:47  Drone x2  
  63  5:55  Drone x2  
  65  6:01  Zerg Ground Armor Level 1, Zerg Melee Weapons Level 1  
  65  6:03  Grooved Spines  
  65  6:06  Drone x2  
  65  6:08  Drone x7  
  65  6:10  Overlord x2  
  74  6:18  Overlord  
  74  6:22  Centrifical Hooks  
  74  6:28  Overlord x2  
  74  6:37  Drone  
  74  6:38  Drone x10  
  82  6:40  Extractor x2  
  76  6:54  Hatchery  
  75  7:01  Overlord x2  
  75  7:08  Hydralisk x8  
  91  7:20  Hydralisk x6  
  91  7:21  Zergling x2  
  91  7:22  Zergling x2  
  105  7:26  Zergling x2  
  105  7:27  Zergling x4  
  108  7:46  Zergling x10  
  108  7:50  Muscular Augments  
  113  7:52  Zergling x6  
  116  8:01  Zergling x8  
  119  8:06  Drone x7  
  119  8:11  Baneling x13  
  119  8:12  Baneling x2  
  126  8:13  Baneling  
  126  8:17  Drone x5  
  131  8:26  Drone x3  
  134  8:31  Zerg Ground Armor Level 2, Zerg Melee Weapons Level 2  
  134  8:34  Overlord x3  
  134  8:35  Overlord  
  134  8:41  Hatchery  
  133  8:47  Infestation Pit  
  132  8:54  Drone x8  
  140  8:58  Extractor x2  
  138  9:17  Zergling x24  
  138  9:18  Zergling x4  
  138  9:20  Hatchery  
  136  9:44  Drone x3  
  136  9:45  Drone x2  
  141  9:47  Hive  
  141  9:54  Queen  
  141  9:55  Hydralisk  
  141  9:56  Hydralisk x4, Zergling x2  
  141  9:57  Zergling x6  
  157  10:08  Zergling x12  
  163  10:19  Overlord x3  
  163  10:20  Overlord  
  163  10:21  Overlord x2  
  163  10:22  Overlord  
  163  10:33  Zergling x18  
  172  10:36  Overseer  
  172  10:41  Baneling  
  172  10:42  Baneling x19  
  172  10:45  Zergling x20  
  182  10:53  Zergling x8  
  182  10:55  Zergling x2  
  182  10:56  Zergling x10  
  192  10:58  Zergling x6  
  195  11:06  Zergling x6  
  195  11:10  Ultralisk Cavern  
  197  11:13  Zergling x2  
  197  11:14  Zergling x4  
  167  11:44  Zergling x2  
  167  11:45  Zergling x38  
  157  12:02  Zergling x4  
Show
View Real Time Build Order
Export as new Build Order

JAV Terran 

Build Orders:  

Get SALT Encoding   

  12  0:00  SCV  
  13  0:12  SCV  
  14  0:18  Supply Depot  
  14  0:24  SCV  
  15  0:41  Barracks  
  15  0:52  Barracks  
  15  0:55  SCV  
  16  1:07  SCV  
  17  1:13  Refinery  
  17  1:19  SCV  
  18  1:29  Marine  
  18  1:31  Orbital Command  
  19  1:37  Supply Depot  
  19  1:39  Marine  
  20  1:47  Marine  
  21  1:56  Bunker  
  21  1:57  Marine  
  21  1:59  SCV  
  23  2:06  Bunker  
  23  2:11  SCV  
  24  2:17  Marine x2  
  22  2:31  SCV  
  22  2:34  Marine  
  22  2:35  Marine  
  24  2:43  SCV  
  24  2:46  Factory  
  24  2:52  Marine  
  24  2:55  Marine  
  24  3:04  SCV  
  23  3:10  Marine  
  23  3:11  Command Center  
  23  3:12  Marine  
  23  3:28  SCV, Marine  
  25  3:40  SCV  
  26  3:41  Supply Depot  
  26  3:42  Factory Reactor  
  26  3:52  SCV  
  27  3:56  Refinery  
  27  4:00  Command Center  
  27  4:05  SCV  
  28  4:10  Bunker  
  28  4:17  SCV  
  29  4:19  Hellion  
  29  4:20  Hellion  
  33  4:30  SCV  
  30  4:41  Hellion x2  
  30  4:42  SCV  
  35  4:50  Barracks Tech Lab  
  35  5:00  SCV  
  36  5:12  Orbital Command, SCV, Stimpack  
  37  5:16  Orbital Command  
  37  5:25  SCV, Engineering Bay  
  37  5:26  Engineering Bay  
  38  5:37  SCV  
  38  5:39  Marine, Supply Depot  
  38  5:40  Factory Reactor  
  41  5:42  SCV  
  41  5:49  SCV  
  42  5:51  Starport  
  42  5:53  SCV  
  42  5:56  Barracks  
  43  6:01  SCV  
  43  6:03  Marine  
  45  6:06  Terran Infantry Armor Level 1, Terran Infantry Weapons Level 1, Missile Turret  
  45  6:10  Missile Turret  
  45  6:13  SCV  
  45  6:15  Bunker  
  45  6:17  Refinery  
  45  6:18  Refinery  
  46  6:20  SCV  
  46  6:21  Marine  
  48  6:27  Barracks  
  48  6:31  Factory Reactor  
  48  6:39  Marine  
  49  6:40  Starport Reactor  
  43  6:50  Marine x2  
  43  6:52  SCV x3  
  46  6:56  Marine  
  46  6:57  Barracks  
  47  7:02  Missile Turret x2  
  47  7:04  SCV x3  
  47  7:05  Armory  
  47  7:08  Marine  
  51  7:13  Marine, Supply Depot  
  53  7:17  Medivac  
  53  7:18  Medivac  
  57  7:27  SCV  
  57  7:30  Marine, Combat Shield  
  57  7:31  SCV  
  57  7:34  Factory Tech Lab, Marine x2  
  57  7:35  Orbital Command, Marine x2  
  63  7:47  Marine, Medivac x2  
  63  7:50  Missile Turret  
  68  7:52  Marine x3  
  68  7:53  Marine  
  68  7:54  Missile Turret  
  68  7:55  Marine x2  
  68  7:56  Missile Turret  
  68  7:57  Bunker  
  74  8:05  Marine  
  73  8:06  SCV  
  73  8:10  Marine x4, Supply Depot  
  73  8:12  SCV x2, Marine  
  81  8:13  Marine  
  81  8:18  SCV  
  84  8:22  Terran Infantry Weapons Level 2  
  84  8:23  Terran Infantry Armor Level 2  
  84  8:25  SCV, Supply Depot  
  85  8:32  Marine x3  
  85  8:33  Marine x3, Siege Tank  
  94  8:37  SCV  
  94  8:40  SCV x2  
  97  8:49  SCV  
  97  8:52  SCV, Marine  
  97  8:53  Marine x6  
  106  8:59  Supply Depot  
  106  9:05  Command Center  
  106  9:10  Factory, Marine x4  
  106  9:14  Marine x3  
  113  9:28  Marine x2  
  97  9:32  Marine x3  
  97  9:33  Siege Tank  
  93  9:41  Medivac x2  
  93  9:42  Terran Vehicle Weapons Level 1  
  93  9:45  Marine x2  
  95  9:46  Marine x2, Command Center  
  95  9:48  SCV x2  
  95  9:51  SCV  
  100  9:54  Factory Tech Lab  
  100  9:55  Marine x2  
  100  9:56  Marine  
  103  10:00  SCV  
  104  10:09  Marine x4  
  104  10:13  Marine  
  109  10:16  SCV x3  
  109  10:18  Refinery  
  109  10:19  Refinery, Siege Tank x2  
  118  10:28  SCV  
  119  10:29  Medivac x2  
  119  10:30  Marine x4  
  119  10:34  Barracks  
  127  10:37  Barracks  
  127  10:51  Siege Tank  
  129  10:59  Medivac x2  
  133  11:06  Marine x2  
  138  11:15  Marine x4  
  138  11:16  Marine  
  138  11:17  Orbital Command  
  137  11:32  Marine x3  
  130  11:34  Marauder  
  127  11:40  Marine  
  127  11:41  Marine x2  
  75  11:56  Marauder  
Tags
 
Add a new tag
Caveats
  • Supply blocks, unpowered buildings, or Contaminate may cause inaccurate times.
  • Supply counts are checked every 10 seconds.